 Dungeon Crawl Stone Soup version 0.30-a0-381-g6ea064c7b4 (webtiles) character file.

Game seed: 6831624129637707910

11573 magipi the Basher (level 11, -2/118 HPs)
             Began as an Armataur Berserker on Nov 30, 2022.
             Was an Elder of Trog.
             Slain by a lorocyproca (15 damage)
             ... on level 2 of the Abyss on Dec 1, 2022.
             The game lasted 00:42:46 (11968 turns).

magipi the Basher (Armataur Berserker)             Turns: 11968, Time: 00:42:46

Health: -2/118     AC: 11    Str: 22 (24) XL:     11   Next: 51%
Magic:  0/8        EV: 11    Int: 10      God:    Trog [****..]
Gold:   393        SH: 10    Dex: 19      Spells: 10/10 levels left

rFire   . . .      SeeInvis .    b - +0 hand axe (elec)
rCold   + + .      Faith    .    e - +0 kite shield
rNeg    . . .      Spirit   .    I - +2 leather armour {rPois}
rPois   +          Reflect  .    f - +1 helmet
rElec   .          Harm     .    t - +0 cloak
rCorr   .          Roll     +    (no gloves)
Will    .....                    (no barding)
Stlth   ..........               (no amulet)
HPRegen 0.39/turn                B - ring of protection from cold
MPRegen 0.11/turn                c - ring "Koymad" {rC+ Int+3 Dex+6}

@: berserking, very quick
A: large, rugged brown scales 3, deformed body, armoured tail, roll, long
tongue, awkward tongue, deterioration 1, [frail 2], [low MP 2]
a: Renounce Religion, Berserk, Trog's Hand, Brothers in Arms


You were on level 2 of the Abyss.
You worshipped Trog.
Trog was greatly pleased with you.
You visited 1 branch of the dungeon, and saw 10 of its levels.
You visited the Abyss 1 time.
You also visited: Bailey.

You collected 670 gold pieces.
You spent 277 gold pieces at shops.

Inventory:

Hand Weapons
 a - a +1 whip of freezing
   (You took it off Pikel on level 7 of the Dungeon)
 b - a +0 hand axe of electrocution (weapon)
   (You found it in a bailey)
 G - a +0 vampiric flail
   (You took it off a gnoll on level 6 of the Dungeon)
 K - a +0 sling of electrocution
   (You took it off a goblin on level 4 of the Dungeon)
Missiles
 h - 9 boomerangs (quivered)
 u - 5 silver javelins
 w - 2 throwing nets
 N - 6 javelins
Armour
 e - a +0 kite shield (worn)
   (You took it off a gnoll sergeant on level 5 of the Dungeon)
 f - a +1 helmet (worn)
   (You found it on level 1 of the Dungeon)
 t - a +0 cloak (worn)
   (You took it off Crazy Yiuf on level 7 of the Dungeon)
 I - a +2 leather armour of poison resistance (worn)
   (You took it off an orc on level 8 of the Dungeon)
Jewellery
 c - the ring "Koymad" (right hand) {rC+ Int+3 Dex+6}
   (You found it on level 3 of the Dungeon)

   [ring of dexterity]

   Int:       It affects your intelligence (+3).
   Dex:       It affects your dexterity (+6).
   rC:        It protects you from cold.
 B - a ring of protection from cold (left hand)
   (You found it on level 3 of the Dungeon)
Wands
 i - a wand of polymorph (11)
   (You took it off Dowan on level 7 of the Dungeon)
 p - a wand of paralysis (6)
   (You found it on level 3 of the Dungeon)
 x - a wand of digging (4)
   (You took it off Robin on level 4 of the Dungeon)
 M - a wand of acid (10)
   (You found it on level 9 of the Dungeon)
Scrolls
 d - 4 scrolls of blinking
 j - a scroll of identify
 k - a scroll of fear
 l - 3 scrolls of poison
 n - 5 scrolls of teleportation
 q - a scroll of silence
 r - a scroll of butterflies
 s - a scroll of immolation
 y - a scroll of summoning
 z - a scroll of noise
 F - a scroll of enchant armour
 H - 2 scrolls of brand weapon
 O - a scroll of magic mapping
Potions
 g - 4 potions of lignification
 m - a potion of heal wounds
 o - a potion of might
 v - 4 potions of curing
 A - a potion of haste
 C - a potion of magic
 D - 2 potions of cancellation
 E - a potion of attraction
 J - a potion of mutation
 L - a potion of flight


   Skills:
 + Level 6.8 Fighting
 * Level 2.2(5.6) Axes
 - Level 8.9(9.1) Maces & Flails
 + Level 5.7 Throwing
 + Level 8.5 Armour
 + Level 5.4 Dodging
 + Level 5.4 Shields
 + Level 6.3 Evocations


You had 10 spell levels left.
You didn't know any spells.
Your spell library was empty.

Dungeon Overview and Level Annotations

Branches:
Dungeon (10/15)            Temple (0/1) D:6            Lair (0/5) D:8
    Orc (0/2) D:9          Bailey (visited)

Altars:
Ashenzari
Fedhas
Gozag
Hepliaklqana
Okawaru
Qazlal
Uskayaw
Yredelemnul
Zin

Shops:
D:3 !*   D:5 ?   D:10 :

Portals:
Trove: D:10 (give 14 scrolls of teleportation)


Innate Abilities, Weirdness & Mutations

You are completely covered in rugged brown scales. (AC +3, +7% HP)
Armour fits poorly on your strangely shaped body.
You have a long armoured tail.
You roll when moving toward enemies. (Rampage)
Your long tongue fully drains potion bottles. (2x potion effects)
Your tongue gives you trouble enunciating. (1.5x scroll delay)
Your body sometimes deteriorates upon taking damage.
[You are very frail. (-20% HP)]
[Your magical capacity is very low. (-20% MP)]


Message History

You block the worldbinder's attack. The worldbinder misses you.
You hit the worldbinder but do no damage.
The worldbinder is lightly damaged.
You block the worldbinder's attack. The worldbinder misses you.
The worldbinder calls forth creatures from the Vaults!
You hit the worldbinder but do no damage.
The worldbinder is lightly damaged.
The worldbinder calls forth creatures from the Vaults!
You are suddenly pulled into a different region of the Abyss!
The vault sentinel disappears in a puff of smoke!
A chaos spawn comes into view.
A wretched star comes into view.
You hit the wretched star but do no damage.
You tail-slap the wretched star, but do no damage.
You barely miss the wretched star.
Your tail-slap misses the wretched star.
The wretched star pulses with an eldritch light!
You feel less energetic. x2; You feel frail. x2
You hit the wretched star.
The wretched star is lightly damaged.
The wretched star glows turbulently.
The lance of force hits you.
You are knocked back by the lance of force.
You slam into the rock wall!
A red film seems to cover your vision as you go berserk!
You feel yourself moving faster!
You feel mighty!
You hit the wretched star.
The wretched star is lightly damaged.
The wretched star glows turbulently.
The lance of force hits you!!
Your body deteriorates!
You feel dopey.
You are knocked back by the lance of force.
You slam into the rock wall!
You hit the wretched star.
Your tail-slap misses the wretched star.
The wretched star is moderately damaged.
You slash the wretched star! You tail-slap the wretched star.
The wretched star is heavily damaged.
You hit the wretched star.
The wretched star is heavily damaged.
You slash the wretched star! You tail-slap the wretched star!
The wretched star is almost destroyed.
You slash the wretched star!
You destroy the wretched star!
Trog accepts your kill.
You feel your intelligence returning.
You feel a strong urge to attack something.
You feel your anger nearly subside.
You start resting.
Your blood rage is quickly leaving you.
You are no longer berserk.
You are exhausted.
You feel yourself slow down.
You start resting.
You feel yourself speed up.
You start resting.
There is a strange disturbance nearby!
You hear a chilling moan.
You recover from your berserk rage.
Something hits you!
You feel your power leaking away.
Deactivating autopickup; reactivate with Ctrl-A.
Unknown command.
Unknown command.
You hit something. Something hits you!!
You feel your power leaking away.
Unknown command.
Unknown command.
Unknown command.
Unknown command.
You slurp down every last drop of the 2 potions of heal wounds!
You feel much better. You block something's attack.
Unknown command.
Unknown command.
A red film seems to cover your vision as you go berserk!
You feel yourself moving faster!
You feel mighty! Something hits you!!
You hit something.
Your tail-slap misses something.
Something hits you!!
Your body deteriorates!
You feel weakened.
You hit something. You tail-slap something. Something hits you!
You miss something.
Your tail-slap misses something.
You hit something but do no damage. Something hits you!
* * * LOW HITPOINT WARNING * * *
Unknown command.
You closely miss something. Something hits you.
* * * LOW HITPOINT WARNING * * *
Unknown command.
You hit something. Something hits you!
* * * LOW HITPOINT WARNING * * *
Your body deteriorates!
You feel weakened.
Unknown command.
Unknown command.
You hit something.
Unknown command.
Unknown command.
You hit something but do no damage.
Your tail-slap misses something.
Something hits you.
* * * LOW HITPOINT WARNING * * *
You feel your power leaking away.
Unknown command.
You barely miss something. You tail-slap something. Something hits you!
You die...

# #.# .
. # ...
# . # #
...# # #
####
.###
..#.{..#
. ####{#
#..@.#
#.####
#.# ≈ ≈
..# . .
.#
..#≈..
≈≈..
.....
#.##.


There were no monsters in sight!

Vanquished Creatures
  Erica (D:8)
  A two-headed ogre (D:10)
  A wretched star (Abyss:2)
  Pikel (D:7)
  Joseph (D:8)
  2 trolls
  A hornet (D:9)
  A shadow (D:10)
  Sigmund (D:6)
  2 wyverns (D:7)
  4 yaks
  Eustachio (D:4)
  A vampire mosquito (D:10)
  7 water moccasins
  Duvessa (D:7)
  4 black bears
  16 orc warriors
  An ice beast (D:6)
  3 wolves
  4 centaurs
  A lemure (D:7)
  A kobold brigand (D:7)
  2 phantoms
  4 bullfrogs
  2 necrophages
  2 gnoll sergeants
  3 scorpions (D:5)
  18 wights
  Dowan (D:7)
  5 killer bees (D:7)
  3 howler monkeys
  2 jellies
  10 orc priests
  3 hounds
  Crazy Yiuf (D:7)
  A gnoll bouda (D:7)
  6 iguanas
  Natasha (thrice) (D:2)
  12 orc wizards
  Robin (D:4)
  21 gnolls
  6 adders
  A river rat (D:5)
  2 shadow imps
  2 white imps
  2 ufetubi
  2 worms
  2 dart slugs
  48 orcs
  6 bats
  9 endoplasms
  4 giant cockroaches
  14 goblins
  6 hobgoblins
  5 quokkas
  3 ball pythons
  3 frilled lizards
  10 kobolds
  7 rats
288 creatures vanquished.

Vanquished Creatures (others)
  An orc (D:10)
  5 fungi (D:8)
  17 plants
23 creatures vanquished.

Grand Total: 311 creatures vanquished

Notes
Turn   | Place    | Note
-------+----------+-------------------------------------------
     0 | D:1      | magipi the Armataur Berserker began the quest for the Orb.
     0 | D:1      | Reached XP level 1. HP: 19/19 MP: 1/1
   158 | D:1      | Reached XP level 2. HP: 20/26 MP: 2/2
   461 | D:2      | Reached ** piety under Trog
   462 | D:2      | Noticed Natasha
   478 | D:2      | Killed Natasha
   479 | D:2      | Reached XP level 3. HP: 8/33 MP: 3/3
   586 | D:2      | Noticed Natasha
   598 | D:2      | Killed Natasha
   599 | D:2      | Reached XP level 4. HP: 20/40 MP: 4/4
   935 | D:2      | Noticed Natasha
   945 | D:2      | Killed Natasha
  1218 | D:2      | Found a basalt altar of Yredelemnul.
  1575 | D:3      | Reached XP level 5. HP: 34/48 MP: 5/5
  1803 | D:3      | Found Lesoh's Assorted Antiques.
  1907 | D:3      | You fall into a shaft and drop 3 floors!
  1910 | D:6      | Noticed a water moccasin
  1926 | D:6      | Killed a water moccasin
  1927 | D:6      | Reached skill level 1 in Throwing
  1927 | D:6      | Reached skill level 1 in Evocations
  1927 | D:6      | Reached XP level 6. HP: 54/54 MP: 6/6
  1975 | D:6      | Found a stormy altar of Qazlal.
  2163 | D:5      | Entered Level 5 of the Dungeon
  2533 | D:4      | Reached XP level 7. HP: 59/62 MP: 7/7
  2538 | D:4      | Reached *** piety under Trog
  2543 | D:4      | Noticed Robin
  2549 | D:4      | Killed Robin
  2754 | D:3      | Found a faded altar of an unknown god.
  2831 | D:3      | Found an iron altar of Okawaru.
  2831 | D:3      | Found a glowing silver altar of Zin.
  2896 | D:3      | Found Higuo's Distillery.
  2903 | D:3      | Bought a potion of haste for 140 gold pieces
  3091 | D:3      | Identified the ring "Koymad" {rC+ Int+3 Dex+6}
  3372 | D:4      | Noticed Eustachio
  3389 | D:4      | Killed Eustachio
  3390 | D:4      | Reached skill level 5 in Maces & Flails
  3744 | D:4      | Found a hazy altar of Hepliaklqana.
  4093 | D:4      | Reached skill level 5 in Armour
  4093 | D:4      | Reached XP level 8. HP: 66/70 MP: 8/8
  4466 | D:5      | Found Muhakefo's Magic Scroll Boutique.
  4476 | D:5      | Bought a scroll of blinking for 82 gold pieces
  4476 | D:5      | Bought a scroll of identify for 22 gold pieces
  4476 | D:5      | Bought a scroll of teleportation for 33 gold pieces
  4673 | D:5      | Found a blossoming altar of Fedhas.
  5802 | D:6      | Found a staircase to the Ecumenical Temple.
  5873 | D:6      | Noticed Sigmund
  5881 | D:6      | Killed Sigmund
  5882 | D:6      | Reached skill level 5 in Fighting
  5882 | D:6      | Reached XP level 9. HP: 79/79 MP: 9/9
  6004 | D:6      | Reached skill level 1 in Shields
  6437 | D:7      | Found a broken altar of Ashenzari.
  6459 | D:7      | Found a hide-covered altar of Uskayaw.
  6705 | D:7      | Reached **** piety under Trog
  6869 | D:7      | Noticed Duvessa
  6869 | D:7      | Noticed Dowan
  6880 | D:7      | Killed Duvessa
  6881 | D:7      | Killed Dowan
  7002 | D:7      | Noticed a troll
  7010 | D:7      | Killed a troll
  7041 | D:7      | Found a runed translucent door.
  7042 | D:7      | Noticed Crazy Yiuf
  7048 | D:7      | Killed Crazy Yiuf
  7322 | D:8      | Noticed Pikel
  7352 | D:7      | Killed Pikel
  7353 | D:7      | Reached XP level 10. HP: 87/87 MP: 10/10
  7807 | D:8      | Reached skill level 5 in Evocations
  7807 | D:8      | Noticed Joseph
  7999 | D:8      | Killed Joseph
  8076 | D:8      | Noticed Erica
  8566 | D:8      | Found a staircase to the Lair.
  8591 | D:8      | Killed Erica
  8592 | D:8      | Reached skill level 5 in Throwing
  8967 | D:9      | Reached skill level 5 in Dodging
  9118 | D:9      | Upgraded the game from 0.30-a0-377-g5cb311bc9f to
                  | 0.30-a0-381-g6ea064c7b4
  9169 | D:9      | Found an opulent altar of Gozag.
  9218 | D:9      | Found a flagged portal.
  9238 | Bailey   | Entered a bailey
  9274 | Bailey   | Reached XP level 11. HP: 84/94 MP: 11/11
 10192 | D:9      | Found a staircase to the Orcish Mines.
 10312 | D:10     | Entered Level 10 of the Dungeon
 10349 | D:10     | Found Muimoy's Book Boutique.
 10422 | D:10     | Reached skill level 5 in Shields
 10454 | D:9      | Reached skill level 1 in Axes
 10858 | D:10     | Noticed a two-headed ogre
 11096 | D:9      | Reached ***** piety under Trog
 11473 | D:10     | Killed a two-headed ogre
 11707 | D:10     | Found a portal to a secret trove of treasure.
 11757 | D:10     | Noticed a wizard
 11780 | Abyss:2  | Cast into level 2 of the Abyss (a wizard)
 11789 | Abyss:2  | Noticed a yellow draconian
 11806 | Abyss:2  | Noticed a green very ugly thing
 11806 | Abyss:2  | Noticed a green very ugly thing
 11816 | Abyss:2  | Gained mutation: Your body sometimes deteriorates upon
                  | taking damage. [a neqoxec]
 11824 | Abyss:2  | Noticed a purple very ugly thing
 11892 | Abyss:2  | Noticed a wretched star
 11904 | Abyss:2  | Killed a wretched star
 11968 | Abyss:2  | Slain by a lorocyproca

Illustrated notes

Levels and vault maps discovered:
D:1:      dpeg_arrival_arbitrary_b, layout_basic
D:2:      layout_basic, serial_curves, eino_curves_04, eino_curves_02,
          basic_altar, kennysheep_decorative_pillar, uniq_natasha
D:3:      layout_loops_ring, mainiacjoe_overflow_divided_tiny,
          nicolae_ecumenical_oubliette, serial_shops, shop, shop,
          minmay_quantized
D:4:      layout_basic, mainiacjoe_overflow_concentric_impassable, uniq_robin,
          uniq_eustachio
D:5:      layout_loops_corners, nicolae_overflow_crystal_walls,
          portal_sewer_entry_a, serial_shops, shop_fountains,
          minmay_large_rounded_square
D:6:      layout_loops_corners, lemuel_crystal_altar,
          minmay_temple_entry_gardened_gates, minmay_misc_feat_rugged,
          uniq_sigmund
D:7:      layout_cave_pools, overflow_temple_1_default, ashenzari_altar_1,
          uniq_crazy_yiuf_cottage, uniq_duvessa
D:8:      layout_rooms, minmay_lair_entry_grove, uniq_pikel, uniq_erica,
          uniq_joseph
D:9:      layout_long_grid, grunt_gozag_breadcrumbs,
          minmay_orc_entry_temple_small, enter_bailey_2
D:10:     layout_loops_ring, serial_shops, nicolae_shop_hallway_stairs,
          nicolae_trove_entry_isolated, st_stairs_4, minmay_librarian
Abyss:2:  base: D:10, hangedman_abyss_or_decor_passed, minivault_28,
          hangedman_decor_peaks_small

Skill      XL: |  1  2  3  4  5  6  7  8  9 10 11 |
---------------+----------------------------------+-----
Maces & Flails | 3 4 5 6 7 8 |  8.9
Fighting       | 3 4 5 6 |  6.8
Armour         | 3 4 5 6 7 8 |  8.5
Dodging        | 2 3 4 5 |  5.4
Throwing       | 1 2 3 4 5 |  5.7
Evocations     | 1 2 3 4 5 6 |  6.3
Shields        | 3 4 5 |  5.4
Axes           | 2 |  2.2

Action                   |  1- 3 |  4- 6 |  7- 9 | 10-12 || total
-------------------------+-------+-------+-------+-------++-------
Melee: Mace              |    56 |   189 |   294 |       ||   539
       Tailslap          |     6 |    13 |    66 |   110 ||   195
       Punch             |       |       |     5 |       ||     5
       Flail             |       |       |   163 |       ||   163
       Whip              |       |       |       |   444 ||   444
       Hand axe          |       |       |       |   169 ||   169
Throw: Boomerang         |       |       |       |    36 ||    36
Invok: Berserk           |     2 |     3 |    13 |    12 ||    30
       Trog's Hand       |       |       |     1 |     4 ||     5
Evoke: Wand              |       |       |     2 |     1 ||     3
  Use: Scroll            |       |       |    16 |     6 ||    22
       Potion            |       |       |       |     2 ||     2
 Stab: Paralysed         |       |       |     4 |       ||     4
       Sleeping          |       |       |       |     1 ||     1
Armor: Animal skin       |    14 |    20 |       |       ||    34
       Scale mail        |       |    29 |       |       ||    29
       Chain mail        |       |    59 |   266 |    52 ||   377
       Leather armour    |       |       |       |   124 ||   124
Dodge: Dodged            |    17 |    78 |   147 |   153 ||   395
Block: Kite shield       |       |       |    92 |   250 ||   342

Table legend: (Time is in decaauts)
 A = Elapsed time spent in this place.
 B = Non-inter-level travel time spent in this place.
 C = Inter-level travel time spent in this place.
 D = Time resting spent in this place.
 E = Time spent auto-exploring this place.
 F = Levels seen in this place.
 G = Mean time per level.
                   A        B        C        D        E       F      G
               +--------+--------+--------+--------+--------+-----+--------+
         Total |  12309 |  12027 |    282 |   2917 |   3973 |  12 | 1025.8 |
       Dungeon |  11648 |  11366 |    282 |   2784 |   3925 |  10 | 1164.8 |
         Abyss |    198 |    198 |      0 |     56 |      0 |   1 |  198.0 |
        Bailey |    463 |    463 |      0 |     76 |     48 |   1 |  463.0 |
               +--------+--------+--------+--------+--------+-----+--------+

Top non-repeatable levels by time:
     D:4: 1509 daAuts
     D:7: 1498 daAuts
     D:5: 1367 daAuts
     D:6: 1318 daAuts
     D:9: 1266 daAuts
     D:8: 1113 daAuts
    D:10: 1084 daAuts
     D:2: 963 daAuts
     D:3: 886 daAuts
     D:1: 638 daAuts
  Bailey: 463 daAuts
 Abyss:2: 198 daAuts
